 Dungeon Crawl Stone Soup version 0.19.0-18-g426998a (webtiles) character file.

4 bombpersons the Firebug (level 1, 0/14 HPs)
             Began as a Demigod Fire Elementalist on Nov 12, 2016.
             Slain by a kobold (2 damage)
             ... on level 1 of the Dungeon.
             The game lasted 00:06:33 (391 turns).

bombpersons the Firebug (Demigod Fire Elementalist)  Turns: 391, Time: 00:06:34

Health: 0/14       AC:  2    Str: 11    XL:     1   Next: 46%
Magic:  0/5        EV: 12    Int: 19    God:
Gold:   43         SH:  0    Dex: 16    Spells: 1 memorised, 2 levels left

rFire  . . .     SeeInvis .     d - +0 short sword
rCold  . . .     Gourm    .     a - +0 robe
rNeg   . . .     Faith    .     (no shield)
rPois  .         Spirit   .     (no helmet)
rElec  +         Reflect  .     (no cloak)
rCorr  .         Harm     .     (no gloves)
MR     .....                    (no boots)
Stlth  ++........               (no amulet)
                                (no ring)
                                g - ring of flight

@: very slightly contaminated
A: high mp 1, electricity resistance
a: Evoke Flight


You were on level 1 of the Dungeon.
You were not hungry.

You visited 1 branch of the dungeon, and saw 1 of its levels.

You collected 43 gold pieces.

Inventory:

Hand Weapons
 d - a +0 short sword (weapon)
Armour
 a - a +0 robe (worn)
Jewellery
 g - a ring of flight (left hand)
Books
 b - a book of Flames

   Spells                             Type                      Level
   a - Flame Tongue                   Conjuration/Fire             1
   b - Throw Flame                    Conjuration/Fire             2
   c - Conjure Flame                  Conjuration/Fire             3
   d - Inner Flame                    Hexes/Fire                   3
   e - Sticky Flame                   Conjuration/Fire             4
   f - Fireball                       Conjuration/Fire             5
Comestibles
 c - a bread ration


   Skills:
 - Level 1.7 Dodging
 - Level 1.7 Stealth
 * Level 1.9 Spellcasting
 + Level 1.1 Conjurations
 * Level 2.8 Fire Magic


You had 2 spell levels left.
You knew the following spells:

 Your Spells              Type           Power        Failure   Level  Hunger
a - Flame Tongue          Conj/Fire      #....        10%         1    #......


Dungeon Overview and Level Annotations

Branches:
Dungeon (1/15)


Innate Abilities, Weirdness & Mutations

You have an increased reservoir of magic. (+10% MP)
You are resistant to electric shocks. (rElec)


Message History

The kobold barely misses you. The kobold hits you.
Casting: Flame Tongue
Confirm with . or Enter, or press ? or * to list all spells.
Aiming: Flame Tongue
Press: ? - help, Shift-Dir - straight line, f/p - kobold
Aim: a kobold, wearing a plate armour The flame tongue hits the kobold.
The kobold appears unharmed.
The kobold barely misses you. The rat bites you.
* * * LOW HITPOINT WARNING * * *
The bat hits you but does no damage. The bat hits you.
* * * LOW HITPOINT WARNING * * *
You barely miss the bat. The bat hits you but does no damage.
The bat closely misses you. The kobold closely misses you.
The bat hits you but does no damage.
You barely miss the bat. The bat hits you.
* * * LOW HITPOINT WARNING * * *
The kobold hits you.
You die...

#.#'####.#...## ..#
#.#....####...##..# #
#........####..#..#.#
#...#......###......#
#.####...<........###
#..#####.......#######
##...#####.#.#b......#
#.....#####.rK#####.#
#.......####@## #.#
###.......##.# #.#
#..##....#.# #.# #.##
#####.# #.# #.# #.#
#.###### #.########.#
#.)....#
###..........#
######.#
#...########## #.#
#.#.### ##########.#


You could see a bat, a kobold and a rat.

Vanquished Creatures
  2 bats (D:1)
  2 goblins (D:1)
  A kobold (D:1)
5 creatures vanquished.

Notes
Turn   | Place    | Note
-------+----------+-------------------------------------------
     0 | D:1      | bombpersons the Demigod Fire Elementalist began the quest for the Orb.
     0 | D:1      | Reached XP level 1. HP: 14/14 MP: 5/5
   148 | D:1      | Found a shimmering altar of Xom.
   150 | D:1      | Found a bloodstained altar of Trog.
   150 | D:1      | Found a glowing golden altar of the Shining One.
   152 | D:1      | Found an ancient bone altar of Kikubaaqudgha.
   152 | D:1      | Found a radiant altar of Vehumet.
   152 | D:1      | Found a burning altar of Makhleb.
   180 | D:1      | Gained mutation: You are resistant to electric shocks. (rElec) [potion of beneficial mutation]
   220 | D:1      | Reached skill level 1 in Conjurations
   391 | D:1      | Slain by a kobold

Skill      XL: |  1 |
---------------+----+-----
Conjurations   | 1 |  1.1
Dodging        | |  1.7
Stealth        | |  1.7
Spellcasting   | |  1.9
Fire Magic     | |  2.8

Action                   || total
-------------------------++-------
Melee: Short sword       ||     3
 Cast: Flame Tongue      ||    10
  Use: Scroll            ||     2
       Potion            ||     1
Armor: Robe              ||     4
Dodge: Dodged            ||    16
